 Dungeon Crawl Stone Soup version 0.25-a0-566-g062765b (webtiles) character file.

Game seed: 14130996904435415828, levelgen mode: deterministic

204 drc500free the Poker (level 5, -5/48 HPs)
             Began as a Minotaur Berserker on Feb 27, 2020.
             Was a Believer of Trog.
             Slain by a worker ant (7 damage)
             ... on level 4 of the Dungeon.
             The game lasted 00:05:43 (1663 turns).

drc500free the Poker (Minotaur Berserker)           Turns: 1663, Time: 00:05:44

Health: -5/48      AC:  2    Str: 23    XL:     5   Next: 52%
Magic:  4/4        EV: 13    Int:  4    God:    Trog [**....]
Gold:   55         SH:  0    Dex:  9    Spells: 4/4 levels left

rFire    . . .     SeeInvis .   a - +0 spear
rCold    . . .     Gourm    .   (no shield)
rNeg     . . .     Faith    .   b - +0 animal skin
rPois    .         Spirit   .   (helmet restricted)
rElec    .         Reflect  .   (no cloak)
rCorr    .         Harm     .   (no gloves)
MR       .....                  (no boots)
Stlth    +.........             (no amulet)
HPRegen  0.16/turn              (no ring)
MPRegen  0.09/turn              (no ring)

@: no status effects
A: retaliatory headbutt, horns 2
a: Berserk, Trog's Hand, Renounce Religion


You were on level 4 of the Dungeon.
You worshipped Trog.
Trog was pleased with you.
You were not hungry.

You visited 1 branch of the dungeon, and saw 3 of its levels.

You collected 55 gold pieces.

Inventory:

Hand Weapons
 a - a +0 spear (weapon)
 k - a +0 hunting sling
 l - a +0 mace
 n - a +0 trident
Missiles
 m - 21 stones (quivered)
Armour
 b - a +0 animal skin (worn)
 g - a +0 buckler
Scrolls
 d - a scroll of magic mapping {unknown}
 e - a scroll of remove curse {unknown}
 f - a scroll of immolation {unknown}
 h - a scroll of teleportation {unknown}
 i - 5 scrolls of identify {unknown}
Comestibles
 c - 3 rations


   Skills:
 + Level 5.1 Fighting
 + Level 5.6 Polearms
 + Level 2.8 Armour
 + Level 3.3 Dodging
 + Level 0.6 Stealth


You had 4 spell levels left.
You didn't know any spells.
Your spell library was empty.

Dungeon Overview and Level Annotations

Branches:
Dungeon (2/15)             Temple (0/1) D:4

Altars:


Innate Abilities, Weirdness & Mutations

You reflexively headbutt those who attack you in melee.
You have a pair of horns on your head.


Message History

The gnoll is heavily wounded.
You barely miss the gnoll.
The gnoll is heavily wounded.
The gnoll barely misses you.
The worker ant twitches its antennae in your direction.
You hit the gnoll. Your headbutt misses the gnoll.
The gnoll is heavily wounded.
The gnoll hits you.
* * * LOW HITPOINT WARNING * * *
You hit the gnoll. You headbutt the gnoll.
You kill the gnoll!
Trog accepts your kill. The worker ant bites you!
* * * LOW HITPOINT WARNING * * *
You barely miss the orc. The orc hits you with a +0 flail.
* * * LOW HITPOINT WARNING * * *
You hit the orc but do no damage. You headbutt the orc.
The orc is almost dead.
The worker ant bites you!
You die...

##..###.####o.⌠...
##...###.####......
#.......go.g.....>.
##.))###.####......
##..# #.# ⌠... ##.#
#.# .... #.# #..
#o# #.. #@# #..#
#a# #..# #.# #..#
###########.#
#...........#
#.########### #.#
#.# #.#


You could see a worker ant and an orc.

Vanquished Creatures
  A scorpion (D:4)
  An orc wizard (D:4)
  8 gnolls
  2 adders (D:2)
  2 dart slugs (D:1)
  A leopard gecko (D:1)
  3 orcs (D:4)
  5 bats
  A goblin (D:1)
  4 hobgoblins
  3 kobolds (D:2)
  5 rats (D:1)
36 creatures vanquished.

Notes
Turn   | Place    | Note
-------+----------+-------------------------------------------
     0 | D:1      | drc500free the Minotaur Berserker began the quest for the
                  | Orb.
     0 | D:1      | Reached XP level 1. HP: 19/19 MP: 0/0
   568 | D:1      | Reached XP level 2. HP: 27/27 MP: 1/1
  1036 | D:2      | Reached XP level 3. HP: 17/33 MP: 2/2
  1367 | D:2      | Reached ** piety under Trog
  1367 | D:2      | Reached XP level 4. HP: 35/41 MP: 3/3
  1525 | D:2      | You fall into a shaft and drop 2 floors!
  1602 | D:4      | Found a staircase to the Ecumenical Temple.
  1612 | D:4      | Reached skill level 5 in Polearms
  1629 | D:4      | Reached XP level 5. HP: 26/47 MP: 4/4
  1632 | D:4      | Reached skill level 5 in Fighting
  1662 | D:4      | HP: 2/48 [orc/+0 flail (4)]
  1663 | D:4      | Slain by a worker ant

Levels and vault maps discovered:
D:1:      minmay_arrival_glassed_features, layout_loops_corners,
          minmay_misc_feat_rugged, bh_walls_and_bars
D:2:      layout_loops_ring, gammafunk_temple_overflow_pools, uniq_sigmund
D:4:      layout_loops_ring, cheibriados_altar_1, minmay_temple_entry_large_hall

Skill      XL: |  1  2  3  4  5 |
---------------+----------------+-----
Polearms       | 4 5 |  5.6
Fighting       | 4 5 |  5.1
Dodging        | 3 |  3.3
Armour         | |  2.8
Stealth        | |  0.6

Action                   |  1- 3 |  4- 6 || total
-------------------------+-------+-------++-------
Melee: Spear             |    67 |    44 ||   111
       Headbutt          |    11 |    12 ||    23
  Use: Potion            |     1 |     1 ||     2
  Eat: Ration            |     1 |       ||     1
Armor: Animal skin       |     4 |     3 ||     7
       Skin              |    12 |       ||    12
Dodge: Dodged            |    37 |    30 ||    67

Table legend:
 A = Non-vault XP
 B = Vault XP
 C = Vault XP percentage of total XP
 D = Non-vault monster count
 E = Vault monster count
 F = Vault count percentage of total count
                 A         B        C        D         E       F
            +---------+---------+-------+---------+---------+-------
      Total |     292 |       0 |   0.0 |      36 |       0 |   0.0
            +---------+---------+-------+---------+---------+-------
        D:1 |      30 |       0 |   0.0 |      15 |       0 |   0.0
        D:2 |      95 |       0 |   0.0 |      12 |       0 |   0.0
        D:4 |     167 |       0 |   0.0 |       9 |       0 |   0.0
            +---------+---------+-------+---------+---------+-------
